 Dungeon Crawl Stone Soup version 0.28.0-53-g5a82cb258f (webtiles) character file.

Game seed: 6715628190384583843

11 Peloso the Shield-Bearer (level 2, -2/27 HPs)
             Began as a Minotaur Fighter on June 14, 2022.
             Slain by an adder (3 damage)
             ... on level 1 of the Dungeon.
             The game lasted 00:00:57 (645 turns).

Peloso the Shield-Bearer (Minotaur Fighter)          Turns: 645, Time: 00:00:58

Health: -2/27      AC:  8    Str: 20    XL:     2   Next: 13%
Magic:  1/1        EV:  9    Int:  5    God:
Gold:   60         SH:  4    Dex:  9    Spells: 1/1 levels left

rFire   . . .      SeeInvis .   a - +0 long sword (chaos)
rCold   . . .      Faith    .   c - +0 buckler
rNeg    . . .      Spirit   .   b - +0 scale mail
rPois   .          Reflect  .   (helmet restricted)
rElec   .          Harm     .   h - +0 cloak
rCorr   .          Rampage  .   (no gloves)
Will    .....                   (no boots)
Stlth   ..........              (no amulet)
HPRegen 0.09/turn               (no ring)
MPRegen 0.07/turn               (no ring)

@: lethally poisoned (-2 -> -3)
A: horns 2, retaliatory headbutt
a: no special abilities


You were on level 1 of the Dungeon.
You visited 1 branch of the dungeon, and saw 2 of its levels.

You collected 60 gold pieces.

Inventory:

Hand Weapons
 a - a +0 long sword of chaos (weapon)
Armour
 b - a +0 scale mail (worn)
 c - a +0 buckler (worn)
 h - a +0 cloak (worn)
Potions
 d - a potion of might
 f - a potion of haste {unknown}
 g - 2 potions of magic {unknown}
 i - a potion of heal wounds {unknown}


   Skills:
 + Level 3.8 Fighting
 + Level 2.6 Long Blades
 + Level 3.9 Armour
 + Level 3.9 Shields


You had one spell level left.
You didn't know any spells.
Your spell library was empty.

Dungeon Overview and Level Annotations

Branches:
Dungeon (2/15)

Altars:

Annotations:
D:2 Sigmund


Innate Abilities, Weirdness & Mutations

You have a pair of horns on your head.
You reflexively headbutt those who attack you in melee.


Message History

Found a potion of attraction.
Found a stone staircase leading down.
There is a stone staircase leading up here.
There are monsters nearby!
You barely miss the adder. The bat hits you but does no damage.
The adder bites you but does no damage.
Unknown command.
You miss the adder. The bat barely misses you. The adder bites you.
You are poisoned.
The adder poisons you!
A kobold comes into view. It is wielding a +0 short sword.
The kobold throws a stone.
You block the stone. The adder bites you but does no damage.
You feel sick. The bat hits you but does no damage.
The adder bites you but does no damage. Sigmund casts a spell at you.
The magic dart hits you!
You climb upwards.
You feel sick.
There is a stone staircase leading down here.
Unknown command.
You closely miss the adder. Your headbutt misses the adder.
You feel sick.
You are no longer poisoned.
The adder bites you. You block the adder's attack.
You barely miss the adder. The adder closely misses you.
The adder barely misses you.
You closely miss the adder. The adder bites you.
* * * LOW HITPOINT WARNING * * *
You are poisoned.
The adder poisons you!
You barely miss the adder. Your headbutt misses the adder.
You feel sick. The adder bites you but does no damage. The adder bites you.
* * * LOW HITPOINT WARNING * * *
You miss the adder.
* * * LOW HITPOINT WARNING * * *
You feel sick. You block the adder's attack.
The adder bites you but does no damage.
You hit the adder.
The adder suddenly seems more agile.
The adder is severely wounded.
* * * LOW HITPOINT WARNING * * *
You feel sick. The adder bites you.
You die...

# #.#.# ######.###
#.#.# ####.8.8.# #.#.#
###.8....... #.#.#
#........... #.#.#
#######.8..#######
#.#.#
###....##....#bkkhS#
#.#.#
#...##.##.8..#######
#.#.#
#.#.S...#...........
#.#.#
#..@##..#...........
#.#.#
##..#####....#######
#.#.########..##
###........<
#..............#
#############
###########....###.#
###.##.# ##.#.#.....#
#...^... ###
##.##.##.#### #.#.####
..#
#...#.###.######.......
#.#
#.....###.##......#.#.#


You could see an adder (agile).

Vanquished Creatures
  3 endoplasms (D:1)
  A goblin (D:1)
  A ball python (D:1)
  A bat (D:1)
  A frilled lizard (D:1)
  2 kobolds (D:1)
  2 rats (D:1)
11 creatures vanquished.

Notes
Turn   | Place    | Note
-------+----------+-------------------------------------------
     0 | D:1      | Peloso the Minotaur Fighter began the quest for the Orb.
     0 | D:1      | Reached XP level 1. HP: 19/19 MP: 0/0
     6 | D:1      | Noticed a lindwurm
     6 | D:1      | Noticed a swamp drake
     6 | D:1      | Noticed a polar bear
     6 | D:1      | Noticed a water moccasin
   421 | D:1      | Reached XP level 2. HP: 27/27 MP: 1/1
   635 | D:2      | Noticed Sigmund
   645 | D:1      | HP: 1/27 [poisoned by an adder]
   645 | D:1      | Slain by an adder

Illustrated notes

Levels and vault maps discovered:
D:1:      onia_arrival_zoo_common, layout_loops_ring, serial_glass,
          glass_columns_b, glass_columns_c, glass_columns_a, glass_columns_b,
          feat_on_display
D:2:      layout_rooms, uniq_sigmund

Action                   || total
-------------------------++-------
Melee: Long sword        ||    20
  Use: Potion            ||     1
       Scroll            ||     1
Armor: Scale mail        ||    12
Dodge: Dodged            ||    11
Block: Buckler           ||     4
